 Dungeon Crawl Stone Soup version 0.30.1-3-gfc49f6343a (webtiles) character file.

Game seed: 3971698341859605104

98 GeoRichter the Firebug (level 4, 0/24 HPs)
             Began as a Deep Elf Fire Elementalist on Aug 9, 2023.
             Killed by divine providence
             ... invoked by an orc priest
              (11 damage)
             ... on level 3 of the Dungeon.
             The game lasted 00:02:44 (2287 turns).

GeoRichter the Firebug (Deep Elf Fire Elementalist) Turns: 2287, Time: 00:02:44

Health: 0/24       AC:  2    Str:  5    XL:     4   Next: 44%
Magic:  10/10      EV: 12    Int: 22    God:
Gold:   197        SH:  0    Dex: 15    Spells: 6/9 levels left

rFire   . . .        e - +0 dagger
rCold   + . .        (no shield)
rNeg    . . .        a - +0 robe
rPois   .            (no helmet)
rElec   .            (no cloak)
rCorr   .            (no gloves)
SInv    .            (no boots)
Will    +....        (no amulet)
Stlth   ++           d - ring of willpower
HPRegen 0.24/turn    m - ring of protection from cold
MPRegen 0.12/turn

%: no passive effects
@: no status effects
A: no striking features
a: no special abilities


You were on level 3 of the Dungeon.
You visited 1 branch of the dungeon, and saw 3 of its levels.

You collected 197 gold pieces.

Inventory:

Hand Weapons
 e - a +0 dagger (weapon)
   (You took it off a goblin on level 1 of the Dungeon)
Armour
 a - a +0 robe (worn)
Jewellery
 d - a ring of willpower (left hand)
   (You found it on level 1 of the Dungeon)
 l - a +6 ring of dexterity
   (You took it off a hobgoblin on level 2 of the Dungeon)
 m - a ring of protection from cold (right hand)
   (You found it on level 3 of the Dungeon)
Scrolls
 c - a scroll of magic mapping
 f - 2 scrolls of amnesia {unknown}
 g - 2 scrolls of teleportation {unknown}
 k - a scroll of torment {unknown}
 n - a scroll of identify {unknown}
Potions
 b - a potion of magic
 h - a potion of brilliance {unknown}
 i - a potion of degeneration {unknown}
 j - a potion of heal wounds {unknown}
 o - a potion of attraction {unknown}


   Skills:
 - Level 2.4 Dodging
 - Level 2.4 Stealth
 - Level 3.0 Spellcasting
 - Level 1.1 Conjurations
 * Level 5.8 Fire Magic


You had 6 spell levels left.
You knew the following spells:

 Your Spells              Type           Power      Damage    Failure   Level
a - Foxfire               Conj/Fire      72%        2x1d7     3%          1
b - Scorch                Fire           58%        2d7       1%          2

Your spell library contained the following spells:

 Spells                   Type           Power      Damage    Failure   Level
 Inner Flame              Hex/Fire       16%        N/A       11%         3
 Volatile Blastmotes      Fire/Tloc      32%        2d12      11%         3
 Flame Wave               Conj/Fire      18%        2d7       30%         4


Dungeon Overview and Level Annotations

Branches:
Dungeon (3/15) Zot: 15706

Altars:
Wu Jian


Message History

A quokka is nearby!
Casting: Scorch (safe; 1% risk of failure)
Confirm with . or Enter, or press ? or * to list all spells.
Flames lash the quokka.
You kill the quokka!
An orc, an orc priest and an orc wizard come into view.
Found 6 gold pieces.
There are monsters nearby!
There are monsters nearby!
There are monsters nearby!
Casting: Scorch (safe; 1% risk of failure)
Confirm with . or Enter, or press ? or * to list all spells.
Flames lash the orc wizard.
The orc wizard shouts!
The orc wizard is severely wounded.
The orc wizard's fire resistance burns away.
The orc priest shouts!
The orc priest barely misses you.
A rat comes into view.
The orc shouts!
Casting: Scorch (safe; 1% risk of failure)
Confirm with . or Enter, or press ? or * to list all spells.
Flames lash the orc priest.
The orc priest is moderately wounded.
The orc priest's fire resistance burns away.
The orc priest hits you with a +0 flail!
Casting: Scorch (safe; 1% risk of failure)
Confirm with . or Enter, or press ? or * to list all spells.
Flames lash the orc priest.
The orc priest is burned terribly!
The orc priest is almost dead.
The orc priest begins to cast a cantrip, but forgets the words!
Casting: Scorch (safe; 1% risk of failure)
Confirm with . or Enter, or press ? or * to list all spells.
Flames lash the rat.
You kill the rat!
Casting: Scorch (safe; 1% risk of failure)
Confirm with . or Enter, or press ? or * to list all spells.
Flames lash the orc wizard.
The orc wizard is burned terribly!
You kill the orc wizard!
The orc priest hits you with a +0 flail!
* * * LOW HITPOINT WARNING * * *
The orc attacks as you move away! The orc hits you but does no damage.
Casting: Scorch (safe; 1% risk of failure)
Confirm with . or Enter, or press ? or * to list all spells.
You don't have enough magic to cast this spell.
Unknown command.
Magic courses through your body.
The orc priest mumbles some strange prayers to Beogh against you.
Beogh smites you!
You die...

#.# ##.## #.#
#.# .# #$ #.#
#.# ... .. #.#
#.# #.# #. #.#
#.# ...#. #.#
#.# #.#. #.#
#.# ..)######.#
#.# #.#@.....#
#.###
#oo#######
#...# .......##
###.# #.###.#
#.# #.# #.# #.
#.# # #.# #.#
#.#
###########.###


You could see an orc priest (combustible) and an orc.

Vanquished Creatures
  An orc wizard (D:3)
  An adder (D:3)
  A worm (D:2)
  A dart slug (D:1)
  An orc (D:3)
  7 bats
  3 endoplasms
  A giant cockroach (D:3)
  4 goblins
  6 hobgoblins
  7 jackals
  2 kobolds
  2 quokkas
  9 ball pythons
  6 frilled lizards
  6 rats
58 creatures vanquished.

Vanquished Creatures (others)
  137 foxfires
137 creatures vanquished.

Grand Total: 195 creatures vanquished

Notes
Turn   | Place    | Note
-------+----------+-------------------------------------------
     0 | D:1      | GeoRichter the Deep Elf Fire Elementalist began the quest
                  | for the Orb.
     0 | D:1      | Reached XP level 1. HP: 10/10 MP: 6/6
   319 | D:1      | Reached XP level 2. HP: 15/15 MP: 6/8
   342 | D:1      | Reached skill level 4 in Fire Magic
   815 | D:2      | Reached XP level 3. HP: 19/19 MP: 6/9
  1201 | D:2      | Reached skill level 5 in Fire Magic
  1561 | D:3      | Learned a level 2 spell: Scorch
  1771 | D:3      | Found an ornate altar of the Wu Jian Council.
  1993 | D:3      | Reached XP level 4. HP: 24/24 MP: 5/10
  2287 | D:3      | Killed from afar by an orc priest

Illustrated notes

Levels and vault maps discovered:
D:1:      onia_arrival_mini_spirals, layout_rooms
D:2:      layout_rooms, serial_rivers, chequers_serial_rivers_small_a,
          chequers_serial_rivers_small_a, chequers_serial_rivers_micro_d,
          chequers_serial_rivers_micro_a, chequers_serial_rivers_small_3
D:3:      layout_loops_ring, mainiacjoe_overflow_24_doors,
          nicolae_concentric_dashed_squares_wild

Skill      XL: |  1  2  3 |
---------------+----------+-----
Fire Magic     | 4 5 |  5.8
Dodging        | |  2.4
Stealth        | |  2.4
Spellcasting   | |  3.0
Conjurations   | |  1.1

Action                     |  1- 3 |  4- 6 || total
---------------------------+-------+-------++-------
  Melee: Dagger            |     5 |       ||     5
   Cast: Foxfire           |    77 |       ||    77
         Scorch            |     8 |     9 ||    17
    Use: Scroll            |     1 |       ||     1
         Potion            |       |     1 ||     1
   Stab: Sleeping          |     1 |       ||     1
 Armour: Robe              |     3 |     1 ||     4
  Dodge: Dodged            |    25 |     1 ||    26
